 Dungeon Crawl Stone Soup version 0.26.1-11-gd32895ea62 (webtiles) character file.

Game seed: 6443213764682832117

205 buriedalive the Covered (level 5, -18/48 HPs)
             Began as a Minotaur Fighter on June 4, 2021.
             Blown up by Ijyb (28 damage)
             ... with a disintegration bolt
             ... on level 3 of the Dungeon.
             The game lasted 00:02:32 (1700 turns).

buriedalive the Covered (Minotaur Fighter)          Turns: 1700, Time: 00:02:33

Health: -18/48     AC:  7    Str: 21    XL:     5   Next: 52%
Magic:  4/4        EV:  7    Int:  5    God:
Gold:   108        SH: 10    Dex: 10    Spells: 4/4 levels left

rFire    + . .     SeeInvis +   a - +0 flail
rCold    x . .     Faith    .   c - +1 kite shield
rNeg     . . .     Spirit   .   b - +0 scale mail
rPois    .         Reflect  .   (helmet restricted)
rElec    .         Harm     .   (no cloak)
rCorr    .         Rampage  .   (no gloves)
Will     .....                  (no boots)
Stlth    ..........             (no amulet)
HPRegen  0.16/turn              f - ring of see invisible
MPRegen  0.09/turn              o - ring of fire

@: no status effects
A: retaliatory headbutt, horns 2
a: no special abilities


You were on level 3 of the Dungeon.
You visited 1 branch of the dungeon, and saw 3 of its levels.

You collected 108 gold pieces.

Inventory:

Hand Weapons
 a - a +0 flail (weapon)
Armour
 b - a +0 scale mail (worn)
 c - a +1 kite shield (worn)
Jewellery
 f - a ring of see invisible (left hand)
 o - a ring of fire (right hand)
 r - an uncursed ring of wizardry {unknown}
Scrolls
 m - 3 scrolls of blinking
 n - a scroll of noise {unknown}
 p - a scroll of magic mapping {unknown}
 q - a scroll of fear {unknown}
Potions
 d - a potion of might
 e - a potion of cancellation {unknown}
 g - a potion of brilliance {unknown}
 i - a potion of curing {unknown}
 k - a potion of berserk rage {unknown}
 l - a potion of lignification {unknown}


   Skills:
 + Level 5.2 Fighting
 + Level 4.5 Maces & Flails
 + Level 5.3 Armour
 - Level 3.6 Shields


You had 4 spell levels left.
You didn't know any spells.
Your spell library was empty.

Dungeon Overview and Level Annotations

Branches:
Dungeon (3/15)

Altars:

Annotations:
D:3 Ijyb


Innate Abilities, Weirdness & Mutations

You reflexively headbutt those who attack you in melee.
You have a pair of horns on your head.


Message History

The orc closely misses you. You furiously retaliate!
You headbutt the orc. You completely miss the orc.
The orc is severely wounded.
The orc hits you with a +0 club.
* * * LOW HITPOINT WARNING * * *
You block the orc's attack.
You hit the orc. Your headbutt misses the orc.
The orc is lightly wounded.
You block the orc's attack. The orc hits you but does no damage.
You closely miss the orc.
The orc is severely wounded.
The orc closely misses you. You furiously retaliate!
You headbutt the orc!
You kill the orc!
The orc closely misses you. You furiously retaliate!
You headbutt the orc. You hit the orc.
You kill the orc!
Ijyb the Twisted Goblin comes into view.
She is wielding a +2 spectral club and carrying a wand of disintegration (14).
Ijyb zaps a wand.
You are blasted!
Ouch! That really hurt!
You die...

#....≈≈# .#
#....≈≈# ..#
#....≈≈#####
#....≈≈≈≈≈≈≈
#....≈≈≈≈≈≈≈ #
####.)...P.....
#.##..)..?..####.#
#..))#####........
####@# #†.......
g.......#
#...#####
##.###..# #.#.#
#..#####.#.#
#....)))...#
##########.# .# #


You could see Ijyb.

Vanquished Creatures
  12 gnolls
  An adder (D:2)
  An ooze (D:2)
  2 worms (D:2)
  3 leopard geckos
  5 orcs (D:3)
  A ball python (D:2)
  2 bats
  A giant cockroach (D:1)
  4 goblins
  5 hobgoblins
  18 jackals
  2 kobolds
  A frilled lizard (D:1)
  3 rats
61 creatures vanquished.

Vanquished Creatures (others)
  2 plants (D:3)
2 creatures vanquished.

Grand Total: 63 creatures vanquished

Notes
Turn   | Place    | Note
-------+----------+-------------------------------------------
     0 | D:1      | buriedalive the Minotaur Fighter began the quest for the
                  | Orb.
     0 | D:1      | Reached XP level 1. HP: 19/19 MP: 0/0
   298 | D:1      | Reached XP level 2. HP: 25/27 MP: 1/1
   867 | D:2      | Reached XP level 3. HP: 26/33 MP: 2/2
  1073 | D:2      | Reached XP level 4. HP: 11/41 MP: 3/3
  1082 | D:3      | Found a faded altar of an unknown god.
  1638 | D:3      | Reached skill level 5 in Fighting
  1638 | D:3      | Reached skill level 5 in Armour
  1638 | D:3      | Reached XP level 5. HP: 11/48 MP: 4/4
  1700 | D:3      | Noticed Ijyb
  1700 | D:3      | Blown up by Ijyb

Illustrated notes

Levels and vault maps discovered:
D:1:      minmay_arrival_hallway, layout_basic
D:2:      minmay_razor_zed, layout_rooms, chequers_avenue, minmay_pentomino_o4
D:3:      lemuel_castle_with_subvaults [lemuel_castle_interior_carwin_2],
          layout_loops_ring, chequers_ecumenical_altar_simple_redux,
          minivault_23, amcnicky_mini_corridor_feature, minmay_quantized,
          uniq_ijyb, uniq_robin

Skill      XL: |  1  2  3  4 |
---------------+-------------+-----
Armour         | 4 5 |  5.3
Fighting       | 4 5 |  5.2
Maces & Flails | 3 4 |  4.5
Shields        | |  3.6

Action                   |  1- 3 |  4- 6 || total
-------------------------+-------+-------++-------
Melee: Flail             |    79 |    93 ||   172
       Headbutt          |    14 |    17 ||    31
  Use: Scroll            |       |     3 ||     3
Armor: Scale mail        |    44 |    57 ||   101
Dodge: Dodged            |    28 |    41 ||    69
Block: Kite shield       |    44 |    71 ||   115
